 Dungeon Crawl Stone Soup version 0.28-a0-802-g09f76e8c00 (webtiles) character file.

Game seed: 5183114356143995989

7373 ytrimaz the Spear-Bearer (level 10, -17/76 HPs)
             Began as a Demonspawn Fighter on Nov 6, 2021.
             Was a High Priest of Okawaru.
             Demolished by an ettin (39 damage)
             ... on level 9 of the Dungeon.
             The game lasted 00:19:40 (10336 turns).

ytrimaz the Spear-Bearer (Demonspawn Fighter)      Turns: 10336, Time: 00:19:41

Health: -17/76     AC:  8    Str: 21 (24) XL:     10   Next: 91%
Magic:  10/10      EV: 22    Int:  8 (10) God:    Okawaru [*****.]
Gold:   605        SH: 10    Dex: 17 (19) Spells: 9/9 levels left

rFire   + . .      SeeInvis +   C - +4 trident of the Heart {venom, rN+ Str-2 Dex+7}
rCold   + . .      Faith    .   c - +0 buckler
rNeg    + . .      Spirit   .   b - +0 scale mail
rPois   +          Reflect  .   (no helmet)
rElec   +          Harm     .   z - scarf {shadows}
rCorr   +          Rampage  .   F - +0 pair of gloves
Will    .....                   (no boots)
Stlth   ..........              (no amulet)
HPRegen 0.22/turn               f - ring "Sadief" {Str+6 SInv}
MPRegen 0.24/turn               p - +4 ring of evasion

@: agile, resistant, attractive
A: hooves 2, large bone plates 1, powered by pain 1, magic regeneration
a: Renounce Religion, Heroism, Finesse, Duel


You were on level 9 of the Dungeon.
You worshipped Okawaru.
Okawaru was extremely pleased with you.
You visited 2 branches of the dungeon, and saw 10 of its levels.
You also visited: Sewer and Ossuary.

You collected 605 gold pieces.

Inventory:

Hand Weapons
 a - a +0 rapier
 h - a +3 short sword of chaos
 l - a +3 dagger of venom
 C - the +4 trident of the Heart (weapon) {venom, rN+ Str-2 Dex+7}
   (You found it on level 6 of the Dungeon)

   It poisons the flesh of those it strikes.
   Str:       It affects your strength (-2).
   Dex:       It affects your dexterity (+7).
   rN:        It protects you from negative energy.
Missiles
 k - 2 throwing nets (quivered)
Armour
 b - a +0 scale mail (worn)
 c - a +0 buckler (worn)
 z - a scarf of shadows (worn)
 F - a +0 pair of gloves (worn)
Jewellery
 f - the ring "Sadief" (left hand) {Str+6 SInv}
   (You acquired it on level 1 of the Dungeon)

   [ring of strength]

   Str:       It affects your strength (+6).
   SInv:      It lets you see invisible.
 p - a +4 ring of evasion (right hand)
 q - a ring of poison resistance
 E - a ring of ice
 I - an amulet of faith
Wands
 o - a wand of iceblast (28)
 D - a wand of acid (12)
 G - a wand of polymorph (15)
 K - a wand of flame (20)
Scrolls
 i - 9 scrolls of teleportation
 m - 5 scrolls of enchant armour
 r - 2 scrolls of amnesia
 s - a scroll of blinking
 w - 3 scrolls of magic mapping
 y - 2 scrolls of torment
 J - a scroll of fear {unknown}
Potions
 d - a potion of heal wounds
 e - 7 potions of flight
 g - 2 potions of brilliance
 j - 7 potions of curing
 t - a potion of degeneration
 u - a potion of ambrosia
 v - 2 potions of attraction
 x - 2 potions of haste {unknown}
 B - 2 potions of lignification {unknown}
 H - 2 potions of mutation {unknown}


   Skills:
 + Level 6.0 Fighting
 - Level 6.4 Short Blades
 * Level 9.3 Polearms
 + Level 6.1 Armour
 * Level 5.7 Dodging
 + Level 5.7 Shields


You had 9 spell levels left.
You didn't know any spells.
Your spell library contained the following spells:

 Spells                   Type           Power      Damage    Failure   Level
 Beastly Appendage        Tmut           0%         N/A       73%         1
 Corpse Rot               Necr/Air       0%         N/A       86%         2
 Wereblood                Tmut           0%         N/A       86%         2
 Spider Form              Tmut/Pois      0%         N/A       97%         3
 Dispel Undead            Necr           0%         3d6       100%        4
 Death Channel            Necr           Unusable   N/A       N/A         6

Dungeon Overview and Level Annotations

Branches:
Dungeon (9/15)             Temple (1/1) D:6           Sewer (visited)
Ossuary (visited)
   Lair: D:8-11         Orc: D:9-12

Altars:
Ashenzari
Cheibriados
Dithmenos
Elyvilon
Gozag
Hepliaklqana
Kikubaaqudgha
Makhleb
Nemelex Xobeh
Okawaru
Qazlal
Sif Muna
Trog
Uskayaw
Vehumet
Wu Jian
Xom
Yredelemnul
Zin
The Shining One

Shops:
D:6 *!:*   D:7 (   D:9 (

Annotations:
D:3 2 transporters, AttackTheMoon's ghost, amateur FoFi
D:5 3 runed translucent doors, BigDaddyOpFi's ghost, novice GrBe; Leeroy's ghost, novice DrTm; SirDiesAlot's ghost, weakling MiDe
D:6 2 transporters


Innate Abilities, Weirdness & Mutations

You have hoof-like feet.
You are partially covered in large bone plates. (SH +4)
You sometimes gain a little power by taking damage.
You regenerate magic rapidly.


Message History

It was a potion of ambrosia.
You are confused.
You feel invigorated. The ettin closely misses you.
The ettin hits you with a +3 dire flail of protection!!
* * * LOW HITPOINT WARNING * * *
You focus on the pain.
You feel agile all of a sudden.
The boulder beetle stops rolling and uncurls.
The bullfrog snags a nearby millipede with its tongue.
It was a potion of attraction.
You feel attractive to monsters. The ettin barely misses you.
The ettin hits you with a +3 dire flail of protection!!
* * * LOW HITPOINT WARNING * * *
Unknown command.
You feel much better. The ettin completely misses you.
The ettin barely misses you.
You feel much better.
The ettin hits you with a +0 dire flail!
The ettin barely misses you.
There is an open door here.
The manticore is attracted toward you.
You feel less invigorated.
You feel less confused.
You puncture the ettin!
The ettin looks as sick as possible!
You kick the ettin, but do no damage.
The ettin is moderately wounded.
The ettin closely misses you.
The ettin hits you with a +3 dire flail of protection.
You barely miss the ettin. You kick the ettin.
The ettin is moderately wounded.
The ettin misses you.
The ettin hits you with a +3 dire flail of protection!!!
Ouch! That really hurt!
* * * LOW HITPOINT WARNING * * *
You hit the ettin.
The ettin is heavily wounded.
The ettin hits you with a +0 dire flail!!!
Ouch! That really hurt!
You die...

#### #..#
#.##
#c†#y#
#BH#H#
#.#yF#C#
#.#..#@#
##
#.#..#.#
.#
#.#++#.#
.#
#.#/}#.#
.#
#.#=!#.#
.#
#.####.#
.#
##....##
.+
####''####
.#
#..#..#..#


You could see an ettin (extremely poisoned), a manticore and a killer bee.

Vanquished Creatures
  2 two-headed ogres
  A wolf spider (D:9)
  2 hornets (D:9)
  17 yaks
  2 water moccasins (D:5)
  An orc warrior (D:5)
  An ice beast (D:6)
  2 ogres
  A phantom (D:6)
  An elf zombie (D:4)
  4 bullfrogs
  A water moccasin zombie (D:6)
  An elf skeleton (D:4)
  3 killer bees (D:9)
  3 wights (D:7)
  4 howler monkeys (D:9)
  2 centaur zombies (D:8)
  A bullfrog zombie (D:5)
  A centaur skeleton (D:6)
  2 gnoll shamans
  5 orc priests
  3 hounds
  A human skeleton (D:4)
  3 iguanas
  Ijyb (D:4)
  An orc wizard (D:5)
  A merfolk siren (Sewer)
  A merfolk avatar (Sewer)
  A killer bee zombie (D:9)
  2 hound skeletons
  A mummy (Ossuary)
  A howler monkey zombie (D:8)
  11 adders
  14 gnolls
  3 shadow imps
  A white imp (D:7)
  An ufetubus (D:6)
  5 worms
  4 dart slugs
  13 orcs
  3 spectral bats (Ossuary)
  16 ball pythons
  4 endoplasms
  6 giant cockroaches
  12 gnoll zombies (Ossuary)
  4 goblins
  8 hobgoblins
  8 jackals
  7 kobolds
  4 quokkas
  3 bats
  3 bat simulacra (Ossuary)
  7 frilled lizards
  2 goblin simulacra (Ossuary)
  2 goblin zombies (Ossuary)
  5 hobgoblin zombies (Ossuary)
  A kobold simulacrum (Ossuary)
  7 kobold zombies (Ossuary)
  An orc skeleton (D:4)
  6 orc zombies
  28 rats
  3 rat simulacra (Ossuary)
  3 spectral goblins (Ossuary)
  2 spectral kobolds (Ossuary)
  3 spectral rats (Ossuary)
273 creatures vanquished.

Vanquished Creatures (others)
  A withered plant (D:5)
1 creature vanquished.

Grand Total: 274 creatures vanquished

Notes
Turn   | Place    | Note
-------+----------+-------------------------------------------
     0 | D:1      | ytrimaz the Demonspawn Fighter began the quest for the Orb.
     0 | D:1      | Reached XP level 1. HP: 18/18 MP: 1/1
    90 | D:1      | Gained mutation: You are partially covered in large bone
                  | plates. (SH +4) [demonic ancestry]
    90 | D:1      | Reached XP level 2. HP: 19/24 MP: 2/2
   402 | D:1      | Found a faded altar of an unknown god.
   830 | D:1      | Identified a scroll of acquirement
   832 | D:1      | Acquired the ring "Sadief" {Str+6 SInv}
   907 | D:2      | Gained mutation: You sometimes gain a little power by
                  | taking damage. [demonic ancestry]
   907 | D:2      | Reached XP level 3. HP: 24/29 MP: 3/3
  1438 | D:2      | Reached skill level 1 in Dodging
  1438 | D:2      | Reached XP level 4. HP: 35/35 MP: 4/4
  2246 | D:3      | Found a transporter.
  2248 | D:3      | Found a transporter.
  2248 | D:3      | Noticed AttackTheMoon's ghost (amateur FoFi)
  2372 | D:3      | Gained mutation: You regenerate magic rapidly. [demonic
                  | ancestry]
  2372 | D:3      | Reached XP level 5. HP: 41/41 MP: 5/5
  2607 | D:3      | Found a glowing drain.
  2619 | Sewer    | Entered a sewer
  3495 | D:3      | Reached XP level 6. HP: 47/47 MP: 6/6
  3675 | D:4      | Found a sand-covered staircase.
  3751 | Ossuary  | Entered an ossuary
  3877 | Ossuary  | Gained mutation: You have large cloven feet. [demonic
                  | ancestry]
  3877 | Ossuary  | Reached XP level 7. HP: 51/53 MP: 7/7
  4246 | D:4      | Noticed Ijyb
  4259 | D:4      | Paralysed by Ijyb for 2 turns
  4266 | D:4      | Paralysed by Ijyb for 7 turns
  4275 | D:4      | Killed Ijyb
  4398 | D:4      | Reached skill level 5 in Short Blades
  4662 | D:4      | Identified the +2 quarterstaff "Fil Ukh" {flame, +Blink}
  4965 | D:5      | Entered Level 5 of the Dungeon
  5327 | D:5      | Gained mutation: You have hoof-like feet. [demonic
                  | ancestry]
  5327 | D:5      | Reached XP level 8. HP: 59/60 MP: 8/8
  5658 | D:5      | Found a shadowy altar of Dithmenos.
  5793 | D:5      | Found an ancient bone altar of Kikubaaqudgha.
  5794 | D:5      | Found a radiant altar of Vehumet.
  5796 | D:5      | Found a hide-covered altar of Uskayaw.
  6138 | D:5      | Found a runed translucent gate.
  6138 | D:5      | Found a runed translucent gate.
  6139 | D:5      | Found a runed translucent gate.
  6143 | D:5      | Noticed BigDaddyOpFi's ghost (novice GrBe)
  6143 | D:5      | Noticed Leeroy's ghost (novice DrTm)
  6143 | D:5      | Noticed SirDiesAlot's ghost (weakling MiDe)
  6217 | D:6      | Found a transporter.
  6223 | D:6      | Found a staircase to the Ecumenical Temple.
  6229 | D:6      | Found Teirul's Distillery.
  6229 | D:6      | Identified the +4 trident of the Heart {venom, rN+ Str-2
                  | Dex+7}
  6244 | Temple   | Entered the Ecumenical Temple
  6515 | Temple   | Became a worshipper of Warmaster Okawaru
  6579 | D:6      | Found Kejyhy's Book Shoppe.
  6635 | D:6      | Found Giaduk's Assorted Antiques.
  6783 | D:6      | Found a transporter.
  6803 | D:6      | Reached skill level 1 in Polearms
  6853 | D:6      | Reached skill level 2 in Polearms
  6950 | D:6      | Found a snail-covered altar of Cheibriados.
  6998 | D:6      | Found Gekeeck's Assorted Antiques.
  7230 | D:7      | Noticed a two-headed ogre
  7237 | D:7      | Killed a two-headed ogre
  7237 | D:7      | Reached * piety under Okawaru
  7238 | D:7      | Reached skill level 4 in Polearms
  7238 | D:7      | Reached skill level 5 in Armour
  7238 | D:7      | Reached XP level 9. HP: 67/67 MP: 9/9
  7339 | D:7      | Found Hinnoe's Weapon Shoppe.
  7347 | D:7      | Reached skill level 5 in Fighting
  7605 | D:7      | Reached skill level 5 in Polearms
  8631 | D:8      | Found an opulent altar of Gozag.
  9078 | D:8      | Reached ** piety under Okawaru
  9403 | D:8      | Reached skill level 6 in Polearms
  9424 | D:8      | Reached skill level 5 in Shields
  9429 | D:8      | Reached skill level 7 in Polearms
  9429 | D:8      | Reached XP level 10. HP: 43/74 MP: 10/10
  9606 | D:8      | Reached *** piety under Okawaru
  9609 | D:8      | Reached skill level 5 in Dodging
  9808 | D:9      | Reached skill level 8 in Polearms
  9887 | D:9      | Found Fururix's Weapon Shop.
  9954 | D:9      | Reached **** piety under Okawaru
 10021 | D:9      | Noticed a two-headed ogre
 10029 | D:9      | Killed a two-headed ogre
 10061 | D:9      | Reached skill level 9 in Polearms
 10311 | D:9      | Noticed a boulder beetle
 10311 | D:9      | Noticed a manticore
 10311 | D:9      | Noticed an ettin
 10311 | D:9      | Noticed a wolf spider
 10324 | D:9      | Killed a wolf spider
 10324 | D:9      | Reached ***** piety under Okawaru
 10336 | D:9      | Demolished by an ettin

Illustrated notes

Levels and vault maps discovered:
D:1:      giann_bridges, layout_basic, shapermc_ecumenical_altar_venn,
          serial_forest, infiniplex_forest_join, infiniplex_forest_end_2,
          infiniplex_forest_lined_2, infiniplex_forest_clump_diagonal,
          infiniplex_forest_corner_2, infiniplex_forest_lined_3_way,
          infiniplex_forest_clump_large
D:2:      layout_basic
D:3:      layout_rooms, gup_sewer_entry_bubbles, gammafunk_ghost_arena
D:4:      layout_basic, nicolae_ossuary_entry_catacombs, uniq_ijyb
D:5:      layout_loops_cross, chequers_temple_overflow_statue_of_worship,
          nicolae_overflow_hidden_temple, grunt_dithmenos_shadows,
          gammafunk_ghost_cemetery, chequers_decorated_corner
D:6:      gammafunk_cloud_chamber, layout_rooms, amcnicky_altar_gilded,
          minmay_temple_entry_statues, serial_shops, kennysheep_mini,
          nicolae_shop_overgrown_old_shop, nicolae_stop_n_shop_1, shop
D:7:      mumra_celtic_spiral_tile, layout_rooms, serial_shops,
          nicolae_shop_stone, minivault_11
D:8:      layout_basic, nicolae_gozag_cash_rules_everything_around_me,
          skrybe_limestone_x
D:9:      layout_roguey, serial_shops,
          nicolae_shop_temple_entry_statues_fountains, wad_scary_box
Temple:   minmay_temple_curvy_branch

Skill      XL: |  1  2  3  4  5  6  7  8  9 10 |
---------------+-------------------------------+-----
Short Blades   | 2 3 4 5 6 |  6.4
Armour         | 3 4 5 6 |  6.1
Shields        | 3 4 5 |  5.7
Dodging        | 1 2 3 4 5 |  5.7
Fighting       | 4 5 6 |  6.0
Polearms       | 4 7 9 |  9.3

Action                   |  1- 3 |  4- 6 |  7- 9 | 10-12 || total
-------------------------+-------+-------+-------+-------++-------
Melee: Rapier            |   125 |       |       |       ||   125
       Short sword       |     7 |   142 |   102 |       ||   251
       Dagger            |       |   210 |   129 |       ||   339
       Kick              |       |       |   159 |    66 ||   225
       Trident           |       |       |   150 |   117 ||   267
  Use: Scroll            |     3 |     3 |    12 |     1 ||    19
       Potion            |     2 |       |     1 |     8 ||    11
Armor: Scale mail        |    57 |    50 |    59 |     7 ||   173
Dodge: Dodged            |    53 |   148 |   181 |    66 ||   448
Block: Buckler           |    69 |    90 |   134 |    48 ||   341

Table legend: (Time is in decaauts)
 A = Elapsed time spent in this place.
 B = Non-inter-level travel time spent in this place.
 C = Inter-level travel time spent in this place.
 D = Time resting spent in this place.
 E = Time spent auto-exploring this place.
 F = Levels seen in this place.
 G = Mean time per level.
                   A        B        C        D        E       F      G
               +--------+--------+--------+--------+--------+-----+--------+
         Total |  10336 |  10056 |    280 |   1164 |   6420 |  12 |  861.3 |
       Dungeon |   8868 |   8637 |    231 |   1056 |   5728 |   9 |  985.3 |
        Temple |    296 |    247 |     49 |      0 |    245 |   1 |  296.0 |
         Sewer |    790 |    790 |      0 |    108 |    414 |   1 |  790.0 |
       Ossuary |    380 |    380 |      0 |      0 |     33 |   1 |  380.0 |
               +--------+--------+--------+--------+--------+-----+--------+

Top non-repeatable levels by time:
     D:7: 1385 daAuts
     D:2: 1357 daAuts
     D:5: 1226 daAuts
     D:8: 1051 daAuts
     D:4: 965 daAuts
     D:1: 887 daAuts
   Sewer: 790 daAuts
     D:6: 727 daAuts
     D:9: 659 daAuts
     D:3: 608 daAuts
 Ossuary: 380 daAuts
  Temple: 296 daAuts
